 Dungeon Crawl Stone Soup version 0.28.0 (webtiles) character file.

Game seed: 16523295268853727104

348 laceratedsky the Chopper (level 6, -14/56 HPs)
             Began as a Minotaur Berserker on Feb 6, 2022.
             Was a Priest of Trog.
             Killed from afar by Ijyb (40 damage)
             ... with a bolt of acid
             ... on level 3 of the Dungeon.
             The game lasted 00:10:30 (2953 turns).

laceratedsky the Chopper (Minotaur Berserker)       Turns: 2953, Time: 00:10:30

Health: -14/56     AC:  3    Str: 24      XL:     6   Next: 33%
Magic:  5/5        EV: 11    Int:  2 (4)  God:    Trog [***...]
Gold:   124        SH:  0    Dex:  9      Spells: 5/5 levels left

rFire   . . .      SeeInvis .   a - +0 hand axe
rCold   . . .      Faith    .   (no shield)
rNeg    . . .      Spirit   .   m - +2 ring mail {rPois}
rPois   +          Reflect  .   (helmet restricted)
rElec   .          Harm     .   (no cloak)
rCorr   .          Rampage  .   (no gloves)
Will    .....                   (no boots)
Stlth   +.........              (no amulet)
HPRegen 0.18/turn               (no ring)
MPRegen 0.09/turn               (no ring)

@: corroded
A: horns 2, retaliatory headbutt
a: Renounce Religion, Berserk, Trog's Hand


You were on level 3 of the Dungeon.
You worshipped Trog.
Trog was most pleased with you.
You visited 1 branch of the dungeon, and saw 3 of its levels.

You collected 124 gold pieces.

Inventory:

Hand Weapons
 a - a +0 hand axe (weapon)
 i - a +2 mace of holy wrath
Missiles
 d - 100 arrows
Armour
 b - a +0 animal skin
 f - a +0 ring mail
 m - a +2 ring mail of poison resistance (worn)
Jewellery
 o - an amulet of guardian spirit
Scrolls
 e - 8 scrolls of identify
 h - a scroll of fog {unknown}
 j - a scroll of blinking {unknown}
 l - 3 scrolls of teleportation {unknown}
 p - a scroll of torment {unknown}
Potions
 c - a potion of haste
 g - a potion of cancellation {unknown}


   Skills:
 + Level 5.1 Fighting
 + Level 6.2 Axes
 + Level 4.2 Armour
 + Level 3.3 Dodging
 + Level 0.4 Stealth


You had 5 spell levels left.
You didn't know any spells.
Your spell library was empty.

Dungeon Overview and Level Annotations

Branches:
Dungeon (3/15)

Altars:

Shops:
D:3 (

Annotations:
D:3 Ijyb


Innate Abilities, Weirdness & Mutations

You have a pair of horns on your head.
You reflexively headbutt those who attack you in melee.


Message History

Trog accepts your kill. The rotten bat hits you.
You hit the rotten bat.
The rotten bat is heavily damaged.
The rotten bat misses you. The rotten bat barely misses you.
The rotten bat hits you.
You barely miss the rotten bat.
The rotten bat is heavily damaged.
The rotten bat closely misses you. The rotten bat barely misses you.
You furiously retaliate!
You headbutt the rotten bat.
You destroy the rotten bat!
Trog accepts your kill.
No target in view!
No target in view!
d - 100 arrows (gained 29)
You see here a phase bat corpse.
You see here a bat corpse.
Ijyb the Twisted Goblin comes into view.
She is wielding a +0 club and carrying a wand of acid (12).
Ijyb shouts!
Ijyb screams, "You nasty!
Big nasty!"
Ijyb hits you with a +0 club.
You closely miss Ijyb. Your headbutt misses Ijyb.
Ijyb zaps a wand.
The bolt of acid hits you!!
Ouch! That really hurt!
The acid corrodes you!
You are too injured to fight recklessly!
You are too injured to fight recklessly!
You are too injured to fight recklessly!
You are too injured to fight recklessly!
You are too injured to fight recklessly!
You barely miss Ijyb. Ijyb barely misses you.
You hit Ijyb but do no damage. You headbutt Ijyb, but do no damage.
Ijyb misses you. You furiously retaliate!
You headbutt Ijyb, but do no damage. You barely miss Ijyb.
Ijyb hits you but does no damage.
You hit Ijyb but do no damage. Ijyb closely misses you.
You barely miss Ijyb. Your headbutt misses Ijyb. Ijyb barely misses you.
You barely miss Ijyb. Your headbutt misses Ijyb. Ijyb closely misses you.
You miss Ijyb.
Ijyb zaps a wand.
The bolt of acid hits you!!!
Ouch! That really hurt!
You die...

#### ##...##
#####.##
##.### #...#
#...### ###.#
##....## #.#
## ##....###
#.# >.
##..#..###.##
##
########...##
#######.#
#..###.##
#..g@...# #.##
##.##
.....#####.#
#.# #... ###
#.####.##
##.##
#......>###.##
########...##
#####


You could see Ijyb.

Vanquished Creatures
  A vampire bat (D:3)
  Natasha (thrice) (D:3)
  A hound zombie (D:3)
  4 gnolls
  2 adders (D:2)
  A worm (D:2)
  5 dart slugs
  3 fire bats (D:3)
  An orc (D:3)
  2 spectral bats (D:3)
  14 bats
  3 bat skeletons (D:3)
  A bat zombie (D:3)
  2 endoplasms (D:2)
  2 giant cockroaches
  7 goblins
  4 hobgoblins (D:2)
  6 jackals
  4 kobolds
  4 quokkas
  7 ball pythons
  A bat simulacrum (D:3)
  2 frilled lizards (D:1)
  4 rats
84 creatures vanquished.

Notes
Turn   | Place    | Note
-------+----------+-------------------------------------------
     0 | D:1      | laceratedsky the Minotaur Berserker began the quest for the
                  | Orb.
     0 | D:1      | Reached XP level 1. HP: 19/19 MP: 0/0
   205 | D:1      | Reached skill level 4 in Axes
   205 | D:1      | Reached XP level 2. HP: 22/27 MP: 1/1
   445 | D:1      | Found a faded altar of an unknown god.
   934 | D:2      | Reached XP level 3. HP: 34/34 MP: 2/2
   981 | D:2      | Reached ** piety under Trog
  1284 | D:2      | Reached XP level 4. HP: 38/41 MP: 3/3
  1884 | D:3      | Found Weilleb's Weapon Shoppe.
  1938 | D:3      | Noticed Natasha
  1940 | D:3      | Killed Natasha
  1941 | D:3      | Reached skill level 5 in Axes
  2013 | D:3      | Noticed Natasha
  2017 | D:3      | Killed Natasha
  2018 | D:3      | Reached XP level 5. HP: 47/47 MP: 4/4
  2661 | D:3      | Noticed Natasha
  2664 | D:3      | Killed Natasha
  2783 | D:3      | Reached skill level 5 in Fighting
  2788 | D:3      | Reached *** piety under Trog
  2805 | D:3      | Reached skill level 6 in Axes
  2805 | D:3      | Reached XP level 6. HP: 56/56 MP: 5/5
  2942 | D:3      | Noticed Ijyb
  2953 | D:3      | Killed from afar by Ijyb

Illustrated notes

Levels and vault maps discovered:
D:1:      amcnicky_arrival_wind_blow, layout_basic,
          shapermc_ecumenical_altar_gd, nicolae_figureground_sparkle
D:2:      layout_rooms, serial_rivers, chequers_serial_rivers_micro_b,
          chequers_serial_rivers_small_a, chequers_serial_rivers_room_b,
          chequers_serial_rivers_micro_d, chequers_serial_rivers_room_a,
          chequers_serial_rivers_small_a
D:3:      layout_loops_ring, serial_shops, nicolae_shop_stone, goddamned_bats,
          uniq_natasha, uniq_ijyb

Skill      XL: |  1  2  3  4  5  6 |
---------------+-------------------+-----
Axes           | 4 5 6 |  6.2
Fighting       | 4 5 |  5.1
Armour         | 3 4 |  4.2
Dodging        | 3 |  3.3
Stealth        | |  0.4

Action                   |  1- 3 |  4- 6 || total
-------------------------+-------+-------++-------
Melee: Hand axe          |    57 |   100 ||   157
       Headbutt          |     9 |    14 ||    23
       Punch             |     2 |     2 ||     4
  Use: Potion            |       |     5 ||     5
       Scroll            |       |     1 ||     1
Armor: Animal skin       |     3 |       ||     3
       Ring mail         |    10 |    62 ||    72
Dodge: Dodged            |    43 |   100 ||   143
